 Seeded DCSS version 0.30.1-4-g462c640d31 (webtiles) character file.

Game seed: 6351066067085065685 (custom seed)

1913 Esekla the Reanimator (level 8, -8/41 HPs)
             Began as a Deep Elf Necromancer on Aug 19, 2023.
             Was a Priest of Vehumet.
             Mangled by Menkaure (13 damage)
             ... on level 7 of the Dungeon.
             The game lasted 00:29:36 (5665 turns).

Esekla the Reanimator (Deep Elf Necromancer)        Turns: 5665, Time: 00:29:37

Health: -8/41      AC:  5    Str:  5    XL:     8   Next: 95%
Magic:  22/22      EV: 14    Int: 23    God:    Vehumet [***...]
Gold:   367        SH:  0    Dex: 15    Spells: 12/24 levels left

rFire   . . .        a - +2 dagger (vamp)
rCold   . . .        (no shield)
rNeg    . . .        t - +0 robe
rPois   .            k - +0 helmet
rElec   .            G - +0 cloak
rCorr   .            m - +0 pair of gloves
SInv    .            (no boots)
Will    .....        A - amulet of magic regeneration
Stlth   +++          (no ring)
HPRegen 0.26/turn    (no ring)
MPRegen 0.58/turn

%: no passive effects
@: no status effects
A: no striking features
a: Renounce Religion


You were on level 7 of the Dungeon.
You worshipped Vehumet.
Vehumet was most pleased with you.
You visited 1 branch of the dungeon, and saw 7 of its levels.

You collected 367 gold pieces.

Inventory:

Hand Weapons
 a - a +2 vampiric dagger (weapon)
 c - a +0 scimitar
 r - a +0 trident
 s - the +5 rapier of the Hero {heavy, rN+ Dex+3}
   (You found it on level 3 of the Dungeon)

   Dex:       It affects your dexterity (+3).
   rN:        It protects you from negative energy.
Missiles
 p - 21 poisoned darts (quivered)
Armour
 k - a +0 helmet (worn)
 m - a +0 pair of gloves (worn)
 t - a +0 robe (worn)
 G - a +0 cloak (worn)
Jewellery
 A - an amulet of magic regeneration (around neck)
Wands
 D - a wand of flame (15)
 E - a wand of roots (19)
 I - a wand of mindburst (9)
Scrolls
 e - a scroll of enchant armour {unknown}
 i - 8 scrolls of identify {unknown}
 n - 2 scrolls of amnesia {unknown}
 o - a scroll of immolation {unknown}
 q - 2 scrolls of blinking {unknown}
 u - 2 scrolls of fog {unknown}
 w - 3 scrolls of enchant weapon {unknown}
 x - a scroll of summoning {unknown}
 y - a scroll of silence {unknown}
 z - a scroll of magic mapping {unknown}
 C - 2 scrolls of fear
 F - a scroll of teleportation {unknown}
 H - a scroll of poison {unknown}
Potions
 b - a potion of magic
 d - 3 potions of ambrosia {unknown}
 f - 3 potions of attraction {unknown}
 g - 2 potions of heal wounds {unknown}
 h - a potion of haste {unknown}
 j - a potion of mutation {unknown}
 l - 6 potions of curing {unknown}
 v - 3 potions of brilliance {unknown}
 B - a potion of lignification {unknown}


   Skills:
 + Level 2.8 Short Blades
 + Level 1.3 Throwing
 * Level 5.7 Dodging
 + Level 4.3 Stealth
 * Level 8.7 Spellcasting
 * Level 8.9 Necromancy
 * Level 4.3 Translocations


You had 12 spell levels left.
You knew the following spells:

 Your Spells              Type           Power      Damage    Failure   Level
a - Sandblast             Erth           20%        2d7       1%          1
b - Necrotise             Necr           100%       1d9       1%          1
c - Freeze                Ice            40%        1d6       1%          1
d - Vampiric Draining     Necr           50%        2d9       1%          3
e - Dazzling Flash        Conj/Hex       20%        N/A       5%          3
t - Teleport Other        Tloc           29%        N/A       3%          3

Your spell library contained the following spells:

 Spells                   Type           Power      Damage    Failure   Level
 Lesser Beckoning         Tloc           58%        N/A       1%          2
 Animate Dead             Necr           50%        N/A       1%          4
 Gell's Gravitas          Tloc           29%        N/A       3%          3
 Agony                    Necr           50%        N/A       4%          5
 Spider Form              Tmut/Pois      10%        N/A       19%         3
 Cause Fear               Hex            5%         N/A       54%         4
 Summon Mana Viper        Hex/Summ       10%        N/A       87%         5


Dungeon Overview and Level Annotations

Branches:
Dungeon (7/15)             Temple (0/1) D:6

Altars:
Dithmenos
Fedhas
Hepliaklqana
Okawaru
Qazlal
Trog
Vehumet
Zin
The Shining One

Shops:
D:2 =   D:4 (

Annotations:
D:5 white imp
D:7 Menkaure


Message History

Pain shoots through your body!
You hit Menkaure.
Menkaure is lightly damaged.
Menkaure hits you but does no damage.
You closely miss Menkaure.
Menkaure is lightly damaged.
Menkaure hits you!!
Ouch! That really hurt!
You hit Menkaure but do no damage.
Menkaure is lightly damaged.
Menkaure closely misses you.
You barely miss Menkaure.
Menkaure is lightly damaged.
You hit Menkaure but do no damage.
Menkaure is lightly damaged.
Menkaure barely misses you.
You hit Menkaure.
Menkaure is moderately damaged.
Menkaure hits you.
* * * LOW HITPOINT WARNING * * *
You hit Menkaure but do no damage.
Menkaure is moderately damaged.
You hit Menkaure.
Menkaure is heavily damaged.
Menkaure calls on the powers of darkness!
Your body is wracked with pain!
* * * LOW HITPOINT WARNING * * *
You completely miss Menkaure.
Menkaure is heavily damaged.
Menkaure mumbles some strange words.
Menkaure seems to speed up.
You hit Menkaure but do no damage.
Menkaure is heavily damaged.
Menkaure calls on the powers of darkness!
Your body is wracked with pain!
* * * LOW HITPOINT WARNING * * *
You hit Menkaure.
Menkaure is heavily damaged.
Menkaure hits you!
You die...

##)).....#######
..))...........#
#......
.)#............#
.......
..#............#
.......
..#............#
....?..
#.'............#
.....
#.#.....###'####
... #.......#
#.#####M#
###....##
#.....@.# #....#
######### #....#
######


You could see Menkaure (fast).

Vanquished Creatures
  Pikel (D:6)
  An ice beast (D:6)
  A sky beast (D:6)
  2 black bears
  An ogre (D:5)
  Blork the orc (D:6)
  A kobold brigand (D:6)
  2 scorpions (D:5)
  A gnoll bouda (D:3)
  5 hounds
  A jelly (D:6)
  Crazy Yiuf (D:7)
  A sleepcap (D:5)
  5 iguanas
  An orc wizard (D:7)
  12 gnolls
  9 adders
  2 white imps (D:6)
  An ufetubus (D:6)
  A worm (D:4)
  3 dart slugs
  15 orcs
  6 ball pythons
  4 endoplasms
  8 goblins
  5 hobgoblins
  A quokka (D:1)
  4 bats
  4 frilled lizards
  12 kobolds
  A rat (D:2)
113 creatures vanquished.

Notes
Turn   | Place    | Note
-------+----------+-------------------------------------------
     0 | D:1      | Esekla the Deep Elf Necromancer began the quest for the
                  | Orb.
     0 | D:1      | Reached XP level 1. HP: 10/10 MP: 6/6
   141 | D:1      | Reached skill level 5 in Necromancy
   321 | D:2      | Found Renulab's Jewellery Shop.
   684 | D:4      | Found a glowing silver altar of Zin.
   695 | D:4      | Found an iron altar of Okawaru.
   706 | D:4      | Found a radiant altar of Vehumet.
   710 | D:4      | Became a worshipper of Vehumet
   837 | D:3      | Reached XP level 2. HP: 15/15 MP: 8/8
  1048 | D:3      | Identified the +5 rapier of the Hero {heavy, rN+ Dex+3}
  1310 | D:3      | Reached XP level 3. HP: 14/19 MP: 9/9
  1314 | D:3      | Learned a level 3 spell: Vampiric Draining
  1545 | D:2      | Noticed a black bear
  1556 | D:2      | Reached XP level 4. HP: 24/24 MP: 9/11
  1571 | D:2      | Found a faded altar of an unknown god.
  1619 | D:2      | Reached * piety under Vehumet
  1619 | D:2      | Offered knowledge of Sandblast by Vehumet.
  1622 | D:2      | Learned a level 1 spell: Sandblast
  1780 | D:1      | Reached skill level 1 in Short Blades
  1975 | D:1      | Learned a level 3 spell: Teleport Other
  2129 | D:2      | Killed a black bear
  2130 | D:2      | Reached skill level 1 in Translocations
  2130 | D:2      | Reached XP level 5. HP: 28/28 MP: 10/13
  2309 | D:3      | Found a stormy altar of Qazlal.
  2311 | D:3      | Found a bloodstained altar of Trog.
  2313 | D:3      | Found a hazy altar of Hepliaklqana.
  2542 | D:4      | Found Ponaysk's Antique Weapon Boutique.
  2682 | D:4      | Found a glowing golden altar of the Shining One.
  2705 | D:4      | Reached XP level 6. HP: 32/32 MP: 7/14
  2833 | D:4      | Reached ** piety under Vehumet
  3131 | D:4      | Offered knowledge of Freeze by Vehumet.
  3134 | D:4      | Learned a level 1 spell: Freeze
  3567 | D:5      | Entered Level 5 of the Dungeon
  3575 | D:5      | Got the Parchment of the Lumpy Olives
  3592 | D:5      | Found a shadowy altar of Dithmenos.
  3729 | D:5      | Reached skill level 5 in Spellcasting
  3827 | D:5      | Reached XP level 7. HP: 36/36 MP: 13/17
  3883 | D:5      | Reached skill level 1 in Throwing
  4643 | D:6      | Noticed Blork the orc
  4665 | D:6      | Killed Blork the orc
  4666 | D:6      | Reached XP level 8. HP: 33/41 MP: 9/20
  4946 | D:6      | Noticed Pikel
  4981 | D:6      | Killed Pikel
  4981 | D:6      | Offered knowledge of Dazzling Flash by Vehumet.
  4982 | D:6      | Reached skill level 5 in Dodging
  4988 | D:6      | Learned a level 3 spell: Dazzling Flash
  5055 | D:6      | Found a staircase to the Ecumenical Temple.
  5212 | D:6      | Found a blossoming altar of Fedhas.
  5473 | D:7      | Found a runed translucent door.
  5474 | D:7      | Noticed Crazy Yiuf
  5480 | D:7      | Killed Crazy Yiuf
  5617 | D:7      | Reached *** piety under Vehumet
  5652 | D:7      | Noticed Menkaure
  5665 | D:7      | Mangled by Menkaure

Illustrated notes

Levels and vault maps discovered:
D:1:      sevenhm_arrival_forest_fort_small_3, layout_rooms,
          chequers_serial_rivers_room_b, minmay_misc_feat_five
D:2:      layout_loops_ring, dreamdust_ecumenical_altar_angels_and_demons,
          serial_shops, shop
D:3:      layout_basic, grunt_temple_overflow_open, minmay_misc_feat_iff
D:4:      layout_basic, nicolae_overflow_quartered_altars, serial_shops,
          nicolae_diamond_shop
D:5:      layout_loops_ring, lemuel_doored_altar, minmay_misc_feat_rows,
          dreamdust_wishing_well
D:6:      layout_loops_cross, fedhas_altar_fruit_tree,
          minmay_temple_entry_glass, uniq_pikel, uniq_blork_the_orc
D:7:      layout_basic, uniq_menkaure, uniq_joseph, uniq_crazy_yiuf_cottage

Skill      XL: |  1  2  3  4  5  6  7  8 |
---------------+-------------------------+-----
Necromancy     | 5 6 7 8 |  8.9
Stealth        | 3 4 |  4.3
Dodging        | 3 4 5 |  5.7
Short Blades   | 2 |  2.8
Spellcasting   | 4 5 6 8 |  8.7
Translocations | 1 2 3 4 |  4.3
Throwing       | 1 |  1.3

Action                     |  1- 3 |  4- 6 |  7- 9 || total
---------------------------+-------+-------+-------++-------
  Melee: Short sword       |    24 |       |       ||    24
         Unarmed           |     9 |       |       ||     9
         Rapier            |    21 |     1 |       ||    22
         Dagger            |       |   204 |   145 ||   349
         Punch             |       |     4 |     2 ||     6
  Throw: Dart              |       |    14 |    14 ||    28
   Cast: Necrotise         |     2 |     3 |       ||     5
         Vampiric Draining |       |    25 |    37 ||    62
         Teleport Other    |       |       |    11 ||    11
    Use: Scroll            |     1 |       |       ||     1
   Stab: Sleeping          |     7 |     3 |     7 ||    17
         Betrayed ally     |     1 |     1 |       ||     2
 Armour: Robe              |    15 |    27 |    19 ||    61
  Dodge: Dodged            |    28 |   118 |   105 ||   251
